 Dungeon Crawl Stone Soup version 0.22.1-1-ga44c0e5 (webtiles) character file.

107 MalarOregon the Insei (level 4, -8/33 HPs)
             Began as a Merfolk Transmuter on Nov 11, 2018.
             Killed from afar by an orc wizard (10 damage)
             ... with a puff of flame
             ... on level 3 of the Dungeon.
             The game lasted 00:05:45 (3204 turns).

MalarOregon the Insei (Merfolk Transmuter)          Turns: 3204, Time: 00:05:46

Health: -8/33      AC:  3    Str: 10    XL:     4   Next: 86%
Magic:  2/7        EV: 13    Int: 13    God:
Gold:   90         SH:  3    Dex: 14    Spells: 2/8 levels left

rFire    x . .     SeeInvis .     - Unarmed
rCold    + . .     Gourm    .   p - +0 buckler
rNeg     . . .     Faith    .   b - +1 robe
rPois    .         Spirit   .   (no helmet)
rElec    .         Reflect  .   (no cloak)
rCorr    .         Harm     .   (no gloves)
MR       .....                  (no boots)
Stlth    +.........             (no amulet)
HPRegen  0.11/turn              d - ring of ice
MPRegen  0.10/turn              (no ring)

@: appendage (expiring), very slightly contaminated
A: change form in water, swift swim, stealthy swim, horns 2
a: End Transformation


You were on level 3 of the Dungeon.
You were not hungry.
You had grown temporary horns.
You visited 1 branch of the dungeon, and saw 3 of its levels.

You collected 90 gold pieces.

Inventory:

Missiles
 a - 70 arrows
Armour
 b - a +1 robe (worn)
 p - a +0 buckler (worn)
   (You found it on level 3 of the Dungeon)
Jewellery
 d - a ring of ice (left hand)
   (You found it on level 2 of the Dungeon)
 o - an uncursed amulet of the acrobat {unknown}
   (You found it on level 3 of the Dungeon)
 q - a +1 ring of protection {unknown}
   (You found it on level 3 of the Dungeon)
Scrolls
 g - a scroll of magic mapping {unknown}
 l - a scroll of enchant armour
 r - a scroll of remove curse {unknown}
Potions
 c - a potion of haste {unknown}
 f - a potion of flight
 h - a potion of lignification {unknown}
 i - a potion of curing {@q1}
 j - a potion of heal wounds {unknown}
 k - a potion of cancellation
 m - a potion of resistance {unknown}
Comestibles
 e - 7 rations {!d}
 n - 5 chunks of flesh


   Skills:
 + Level 2.2 Fighting
 + Level 3.6 Dodging
 + Level 0.3 Shields
 + Level 3.9 Unarmed Combat
 + Level 2.6 Spellcasting
 + Level 3.7 Transmutations


You had 2 spell levels left.
You knew the following spells:

 Your Spells              Type           Power        Failure   Level  Hunger
a - Beastly Appendage     Tmut           ##....       9%          1    #......
s - Sticks to Snakes      Tmut           ##......     12%         2    ###....
x - Spider Form           Tmut/Pois      #.........   45%         3    ###....

Your spell library contained the following spells:

 Spells                   Type           Power        Failure   Level  Hunger
 Ice Form                 Ice/Tmut       #.......     86%         4    #####..
 Blade Hands              Tmut           ##........   92%         5    ######.


Dungeon Overview and Level Annotations

Branches:
Dungeon (3/15)

Altars:


Innate Abilities, Weirdness & Mutations

You revert to your normal form in water.
You are very nimble and swift while swimming.
You are very stealthy in the water. (Stealth+)
You have a pair of horns on your head.


Message History

You hit the orc.
The orc hits you with a vampiric falchion!
The orc draws strength from your wounds!
You grow a pair of large bovine horns.
A frilled lizard comes into view.
The frilled lizard hisses angrily.
The orc hits you with a vampiric falchion.
The orc draws strength from your wounds!
A frilled lizard comes into view.
The orc hits you with a vampiric falchion.
The orc draws strength from your wounds!
The orc wizard gestures wildly while chanting.
The orc wizard flickers and vanishes!
Deactivating autopickup; reactivate with Ctrl-A.
You closely miss the orc.
The orc hits you with an enchanted flail.
* * * LOW HITPOINT WARNING * * *
Here: an orc, wielding an enchanted flail and wearing a leather armour The floor.
You hit the orc. The orc misses you.
You closely miss the orc. The orc closely misses you.
You hit the orc.
You kill the orc!
You barely miss the orc. You hit something but do no damage.
You punch something! You headbutt something. Something hits you.
* * * LOW HITPOINT WARNING * * *
You barely miss something.
You hear some strange, mumbled words.
A magic dart appears from out of thin air!
The magic dart hits you!
* * * LOW HITPOINT WARNING * * *
Unknown command.
You create a snake!
You now have 70 arrows.
Your transformation is almost over.
You hear some strange, mumbled words.
A magic dart appears from out of thin air!
The magic dart hits you!
* * * LOW HITPOINT WARNING * * *
You swap places.
Something hits your ball python.
Your ball python dies!
Casting: Sticks to Snakes (safe; 12% risk of failure)
You miscast Sticks to Snakes.
The air around you crackles with energy!
You hear some strange, mumbled words.
A puff of flame appears from out of thin air!
The puff of flame hits you! The fire burns you terribly!
You die...

###########
##..........
######...########
.........@.{o#
#####...###o#####.##
##.## #.l...l.l.
##.## #..####.##
#####...# #...
#.......# #..##
#.####.......# #.#
#.###.#.# #.# #..
....#


You could see 2 orcs.

Vanquished Creatures
  2 adders (D:2)
  2 oozes (D:1)
  2 dart slugs (D:2)
  3 leopard geckos
  5 orcs (D:3)
  A giant cockroach (D:1)
  6 goblins
  3 hobgoblins
  3 jackals (D:3)
  A quokka (D:3)
  10 bats
  3 frilled lizards
  9 kobolds
  6 rats (D:1)
56 creatures vanquished.

Vanquished Creatures (collateral kills)
  2 adders (D:2)
  A worm (D:2)
  A frilled lizard (D:2)
4 creatures vanquished.

Grand Total: 60 creatures vanquished

Notes
Turn   | Place    | Note
-------+----------+-------------------------------------------
     0 | D:1      | MalarOregon the Merfolk Transmuter began the quest for the
                  | Orb.
     0 | D:1      | Reached XP level 1. HP: 15/15 MP: 3/3
   226 | D:1      | Reached XP level 2. HP: 17/21 MP: 3/5
   972 | D:1      | Reached XP level 3. HP: 18/27 MP: 4/6
  1266 | D:1      | Learned a level 2 spell: Sticks to Snakes
  2289 | D:2      | Reached XP level 4. HP: 33/33 MP: 5/7
  2516 | D:2      | Learned a level 3 spell: Spider Form
  3204 | D:3      | Killed from afar by an orc wizard

Skill      XL: |  1  2  3 |
---------------+----------+-----
Dodging        | 3 |  3.6
Transmutations | 3 |  3.7
Fighting       | 2 |  2.2
Shields        | |  0.3
Unarmed Combat | |  3.9
Spellcasting   | |  2.6

Action                   |  1- 3 |  4- 6 || total
-------------------------+-------+-------++-------
Melee: Unarmed           |   116 |    78 ||   194
       Headbutt          |    12 |    15 ||    27
       Punch             |     1 |       ||     1
 Cast: Beastly Appendage |    24 |    12 ||    36
       Sticks to Snakes  |     7 |     1 ||     8
  Use: Scroll            |     4 |       ||     4
       Potion            |     1 |       ||     1
 Stab: Sleeping          |     1 |       ||     1
  Eat: Chunk             |     5 |     4 ||     9
Armor: Robe              |    22 |    12 ||    34
Dodge: Dodged            |   101 |    47 ||   148
Block: Buckler           |       |     3 ||     3
